 Dungeon Crawl Stone Soup version 0.31-a0-728-g01b46875f1 (webtiles) character file.

Game seed: 7218292062054825369

21415 cforsyth the Fighter (level 13, -1/95 HPs)
             Began as a Djinni Chaos Knight on Sept 12, 2023.
             Was a Believer of Hepliaklqana.
             Slain by a death yak (5 damage)
             ... on level 11 of the Dungeon.
             The game lasted 00:35:39 (15855 turns).

cforsyth the Fighter (Djinni Chaos Knight)         Turns: 15855, Time: 00:35:40

Health: -1/95      AC: 10    Str: 10    XL:     13   Next: 19%
Gold:   967        EV: 15    Int: 16    God:    Hepliaklqana [**....] SH:  0 Dex: 21

rFire   + + .        G - +4 short sword (freeze)
rCold   . . .        (no shield)
rNeg    + . .        b - +3 leather armour
rPois   ∞            (helmet restricted)
rElec   .            q - +0 cloak
rCorr   .            d - +0 pair of gloves {infuse}
SInv    .            (boots unavailable)
Will    ++...        J - amulet of regeneration
Stlth   +++          f - ring of positive energy
HPRegen 0.00/turn    o - ring of ice
MPRegen 0.00/turn

%: infuse magic (-2 HP)
@: flying, inhibited regen
A: reduced essence, sickness immunity, fire resistance 3, cold vulnerability 1,
float, innate caster, HP casting, extra vitality 1, horns 1, iridescent scales
2, thin skeletal structure 1, agile 1, deformed body, strong-willed 1, inhibited
regeneration, wild magic 1, no potion heal 1
a: Renounce Religion, Recall Ancestor, Ancestor Identity


You were on level 11 of the Dungeon.
You worshipped Hepliaklqana.
Hepliaklqana was pleased with you.
You visited 3 branches of the dungeon, and saw 14 of its levels.
You also visited: Sewer and Bailey.

You collected 967 gold pieces.

Inventory:

Hand Weapons
 a - a +0 falchion of chaos
 c - the +6 great sword of Parts Unknown {freeze, Drain rPois Int+5 Dex+4}
   (You took it off an orc warrior in a bailey)

   Int+5:     It affects your intelligence (+5).
   Dex+4:     It affects your dexterity (+4).
   rPois:     It protects you from poison Drain: It drains your maximum health
   when unequipped.
 x - a +4 whip
 y - a +0 spear of freezing
 G - a +4 short sword of freezing (weapon)
Armour
 b - a +3 leather armour (worn)
 d - a +0 pair of gloves of infusion (worn)
 q - a +0 cloak (worn)
Jewellery
 f - a ring of positive energy (left hand)
 h - a +6 ring of dexterity
 n - a ring of fire
 o - a ring of ice (right hand)
 u - a ring of willpower
 C - a +5 ring of evasion
 E - a ring of protection from fire
 H - a ring of ice
 J - an amulet of regeneration (around neck)
Wands
 p - a wand of light (2)
 s - a wand of charming (8)
 w - a wand of iceblast (11)
 B - a wand of mindburst (7)
 D - a wand of digging (12)
Scrolls
 e - 7 scrolls of enchant armour
 j - 4 scrolls of teleportation
 t - 2 scrolls of vulnerability
 I - a scroll of blinking
 K - a scroll of summoning {unknown}
 L - a scroll of immolation
 M - a scroll of revelation
 N - a scroll of enchant weapon
Potions
 g - 2 potions of haste
 i - 6 potions of lignification
 k - 2 potions of mutation
 l - 2 potions of invisibility
 m - 6 potions of curing
 r - a potion of resistance
 v - 2 potions of brilliance
 z - 4 potions of berserk rage
 A - a potion of heal wounds
 F - a potion of ambrosia


   Skills:
 + Level 14.8 Fighting
 - Level 2.6 Long Blades
 - Level 1.0 Armour
 + Level 6.0 Dodging
 + Level 10.8 Spellcasting
 + Level 10.8 Conjurations
 + Level 10.8 Hexes
 + Level 10.8 Summonings
 + Level 10.8 Necromancy
 + Level 10.8 Translocations
 + Level 10.8 Transmutations
 + Level 10.8 Fire Magic
 + Level 10.8 Ice Magic
 + Level 10.8 Air Magic
 + Level 10.8 Earth Magic
 + Level 10.8 Poison Magic


You knew the following spells:

 Your Spells              Type           Power      Damage    Failure   Level
a - Summon Small Mammal   Summ           100%       N/A       1%          1
b - Scorch                Fire           100%       2d9       1%          2
c - Searing Ray           Conj           100%       2d8       1%          2
d - Vampiric Draining     Necr           54%        2d9       1%          3
e - Animate Dead          Necr           54%        N/A       2%          4
f - Iskenderun's Battles  Conj           54%        2d10      6%          5
Your spell library was empty.

Dungeon Overview and Level Annotations

Branches:
Dungeon (12/15)            Temple (1/1) D:7            Lair (1/5) D:11
    Orc (0/2) D:9           Sewer (visited)          Bailey (visited)

Altars:
Ashenzari
Cheibriados
Dithmenos
Elyvilon
Fedhas
Gozag
Hepliaklqana
Makhleb
Nemelex Xobeh
Okawaru
Qazlal
Ru
Trog
Uskayaw
Wu Jian
Xom
Yredelemnul
Zin
The Shining One

Shops:
D:6 :   D:9 =   D:10 (

Annotations:
D:7 2 transporters, petzl's ghost, novice FoDe
D:10 exclusion: orange crystal statue
Temple 2 transporters


Innate Abilities, Weirdness & Mutations

Your life essence is reduced to manifest your ancestor. (-10% HP)
You are immune to sickness and miasma.
You are immune to poison.
Your flesh is almost immune to the effects of heat. (rF+++)
You are vulnerable to cold. (rC-)
You float through the air rather than walking.
You learn spells naturally, not from books.
Your magical power is your life essence.
You have superior vitality. (+4 MHP)
You have a pair of small horns on your head.
You are mostly covered in iridescent scales. (AC +4)
You have a somewhat thin skeletal structure. (Dex +2, Stealth+)
You are agile. (Dex +4, Str/Int -1)
Armour fits poorly on your strangely shaped body.
You are strong-willed. (Will+)
You do not regenerate when monsters are visible.
Your spells are a little harder to cast, but a little more powerful.
Potions are less effective at restoring your health.


Message History

The death yak gores you!
* * * LOW HITPOINT WARNING * * *
Cyneburga hits the death yak with a +0 flail!
The death yak dies!
Your Dodging skill increases to level 6!
The searing ray hits the death yak.
The death yak is moderately wounded.
* * * LOW HITPOINT WARNING * * *
Your battlesphere fires!
The barrage of energy hits the death yak!!
The death yak is heavily wounded.
The death yak gores you but does no damage.
Cyneburga hits the death yak with a +0 flail!
The searing ray hits the death yak!
The death yak is severely wounded.
* * * LOW HITPOINT WARNING * * *
Your battlesphere fires!
The barrage of energy hits the death yak!
The death yak is severely wounded.
The death yak gores you!
* * * LOW HITPOINT WARNING * * *
Casting: Searing Ray (safe; 1% risk of failure)
Confirm with . or Enter, or press ? or * to list all spells.
Aiming: Vampiric Draining (safe; 1% risk of failure)
Press: ? - help, Shift-Dir - straight line, f - death yak
Aim: a death yak (severely wounded, ally target)
You draw life force from the death yak!
You feel life coursing into your body!
* * * LOW HITPOINT WARNING * * *
Cyneburga completely misses the death yak.
The death yak gores you!
* * * LOW HITPOINT WARNING * * *
Casting: Vampiric Draining (safe; 1% risk of failure)
Confirm with . or Enter, or press ? or * to list all spells.
Aiming: Vampiric Draining (safe; 1% risk of failure)
Press: ? - help, Shift-Dir - straight line, f/p - death yak
Aim: a death yak (almost dead, ally target)
You draw life force from the death yak.
You feel life coursing into your body.
* * * LOW HITPOINT WARNING * * *
The death yak gores you.
You die...

#######.............#
......#......#####..#
......#......# #..#
......#......# #..#
......'......# #..##
#######......# #...#
.............# #...#
.............#####*..#
................@Y†..#
............######R†.#
.......)....#....'...#
............#....'...#
.....†###+#.#....#...#
......#...#.#....#...######
......#...#.#....#........#
......#...#.#....#........#
......#...#.######........#


You could see the friendly Cyneburga the knight, a death yak (ally target) and a
friendly battlesphere.

Vanquished Creatures
  A centaur warrior (D:10)
  3 two-headed ogres
  4 death yaks
  An orc knight (Bailey)
  2 cyclopes
  An ugly thing (D:12)
  2 manticores
  A black mamba (D:10)
  A gargoyle (D:8)
  2 cane toads
  Psyche (D:8)
  2 trolls (D:11)
  Prince Ribbit (D:5)
  A slime creature (D:10)
  A shadow (D:12)
  A wraith (D:12)
  13 yaks
  A vampire (D:10)
  A human (shapeshifter) (D:8)
  3 wyverns
  A steam dragon (D:9)
  Grum (D:8)
  A redback (D:10)
  A vampire mosquito (D:10)
  A water moccasin (D:7)
  3 ice beasts
  10 orc warriors
  Pargi (Sewer)
  4 wolves (D:8)
  4 centaurs
  2 ogres
  2 phantoms
  A kobold brigand (D:10)
  A gnoll sergeant (D:11)
  10 bullfrogs
  13 wights
  3 scorpions
  7 killer bees
  2 electric eels (D:10)
  5 howler monkeys
  A lava snake (D:9)
  5 jellies
  5 hounds
  3 orc priests
  2 sleepcaps
  5 iguanas
  Natasha (thrice) (D:4)
  5 orc wizards
  A boggart simulacrum (D:10)
  6 adders
  11 gnolls
  4 white imps
  An ufetubus (D:5)
  3 worms
  3 dart slugs
  50 orcs
  7 endoplasms
  6 giant cockroaches
  4 goblins
  8 hobgoblins
  2 jackals (D:3)
  4 kobolds
  2 quokkas (D:2)
  7 ball pythons
  12 bats
  3 frilled lizards
  6 rats
285 creatures vanquished.

Vanquished Creatures (collateral kills)
  2 death yaks (D:11)
  A flayed ghost (D:10)
  A black mamba (Lair:1)
  A gargoyle (D:12)
  A cane toad (Lair:1)
  A troll (D:12)
  3 yaks
  A water moccasin (D:11)
  A wight (D:10)
  A killer bee (D:9)
  2 orcs (D:10)
  5 kobolds (D:10)
20 creatures vanquished.

Vanquished Creatures (others)
  A two-headed ogre zombie (D:10)
  A vampire mosquito zombie (D:10)
  3 yak zombies (D:10)
  2 ancestors (D:11)
  4 knights
  3 killer bee zombies (D:10)
  7 orc zombies
21 creatures vanquished.

Grand Total: 326 creatures vanquished

Notes
Turn   | Place    | Note
-------+----------+-------------------------------------------
     0 | D:1      | cforsyth the Djinni Chaos Knight began the quest for the
                  | Orb.
     0 | D:1      | Reached XP level 1. HP: 20/20 MP: 0/0
    80 | D:1      | XOM: silly message
   220 | D:1      | Reached XP level 2. HP: 21/25 MP: 0/0
   250 | D:1      | Found a faded altar of an unknown god.
   424 | D:1      | Reached skill level 1 in Spellcasting
   424 | D:1      | Reached skill level 1 in Conjurations
   424 | D:1      | Reached skill level 1 in Hexes
   424 | D:1      | Reached skill level 1 in Summonings
   424 | D:1      | Reached skill level 1 in Necromancy
   424 | D:1      | Reached skill level 1 in Translocations
   424 | D:1      | Reached skill level 1 in Transmutations
   424 | D:1      | Reached skill level 1 in Fire Magic
   424 | D:1      | Reached skill level 1 in Ice Magic
   424 | D:1      | Reached skill level 1 in Air Magic
   424 | D:1      | Reached skill level 1 in Earth Magic
   424 | D:1      | Reached skill level 1 in Poison Magic
   433 | D:1      | Reached XP level 3. HP: 10/30 MP: 0/0
   433 | D:1      | Learned a level 1 spell: Summon Small Mammal
   685 | D:1      | XOM: cloud trail
   893 | D:1      | XOM: cloud trail
  1232 | D:2      | XOM: 3-stop teleportation journey
  1233 | D:2      | You are sucked into a shaft and drop 2 floors!
  1253 | D:4      | XOM: summons friendly rust devil
  1302 | D:3      | XOM: noise
  1336 | D:3      | XOM: enchant monster (good)
  1344 | D:3      | Reached skill level 4 in Fighting
  1344 | D:3      | Reached XP level 4. HP: 17/37 MP: 0/0
  1377 | D:3      | XOM: confuse monster(s)
  1425 | D:3      | Reached XP level 5. HP: 18/41 MP: 0/0
  1425 | D:3      | Learned a level 2 spell: Scorch
  1744 | D:3      | Found a glowing silver altar of Zin.
  1744 | D:3      | XOM: scenery: 2 doors open
  1797 | D:3      | XOM: 1-stop teleportation journey
  1817 | D:3      | XOM: smoke on damage
  2385 | D:3      | Found a sacrificial altar of Ru.
  2391 | D:3      | Found a blossoming altar of Fedhas.
  2433 | D:4      | Reached XP level 6. HP: 15/49 MP: 0/0
  2580 | D:4      | Noticed an ice beast
  2591 | D:4      | Killed an ice beast
  2592 | D:4      | Reached skill level 5 in Fighting
  2719 | D:4      | XOM: give mutations
  2719 | D:4      | Gained mutation: You possess an exceptional clarity of
                  | mind. [Xom's grace]
  2816 | D:4      | XOM: cloud trail
  2855 | D:4      | Noticed Natasha
  2859 | D:4      | Killed Natasha
  2968 | D:4      | Noticed Natasha
  2976 | D:4      | Killed Natasha
  2977 | D:4      | Reached XP level 7. HP: 27/54 MP: 0/0
  2977 | D:4      | Learned a level 2 spell: Searing Ray
  3053 | D:4      | Noticed Natasha
  3057 | D:4      | Killed Natasha
  3341 | D:4      | XOM: confuse monster(s)
  3378 | D:4      | XOM: 2-stop teleportation journey
  3388 | D:4      | Reached skill level 6 in Fighting
  3537 | D:5      | Entered Level 5 of the Dungeon
  3619 | D:5      | Found a glowing drain.
  3691 | Sewer    | Entered a sewer
  3720 | Sewer    | Noticed Pargi
  3720 | Sewer    | XOM: 1-stop teleportation journey
  3726 | Sewer    | Killed Pargi
  3727 | Sewer    | Reached XP level 8. HP: 30/62 MP: 0/0
  3907 | D:5      | XOM: silly message
  3942 | D:5      | XOM: noise
  3973 | D:5      | Noticed Prince Ribbit
  3980 | D:5      | Killed Prince Ribbit
  3981 | D:5      | Reached skill level 7 in Fighting
  4056 | D:5      | XOM: silly message
  4106 | D:5      | XOM: divination: detect items
  4171 | D:5      | XOM: 1-stop teleportation journey
  4282 | D:5      | XOM: give mutations
  4282 | D:5      | Gained mutation: You are frail. (-10% HP) [Xom's mischief]
  4282 | D:5      | Gained mutation: You passively map a small area around you.
                  | [Xom's mischief]
  4282 | D:5      | Lost mutation: You are frail. (-10% HP) [Xom's mischief]
  4373 | D:5      | Reached skill level 5 in Spellcasting
  4373 | D:5      | Reached skill level 5 in Conjurations
  4373 | D:5      | Reached skill level 5 in Hexes
  4373 | D:5      | Reached skill level 5 in Summonings
  4373 | D:5      | Reached skill level 5 in Necromancy
  4373 | D:5      | Reached skill level 5 in Translocations
  4373 | D:5      | Reached skill level 5 in Transmutations
  4373 | D:5      | Reached skill level 5 in Fire Magic
  4373 | D:5      | Reached skill level 5 in Ice Magic
  4373 | D:5      | Reached skill level 5 in Air Magic
  4373 | D:5      | Reached skill level 5 in Earth Magic
  4373 | D:5      | Reached skill level 5 in Poison Magic
  4495 | D:5      | XOM: god gift: phantom mirror
  4837 | D:6      | Found an opulent altar of Gozag.
  5061 | D:6      | XOM: stat loss: -1 Int (14/15)
  5064 | D:6      | Found Opoecranlu's Book Boutique.
  5130 | D:6      | XOM: scenery: 1 doors open
  5139 | D:6      | Reached skill level 8 in Fighting
  5139 | D:6      | Reached XP level 9. HP: 59/70 MP: 0/0
  5139 | D:6      | Learned a level 3 spell: Vampiric Draining
  5155 | D:6      | XOM: scenery: 1 doors close
  5214 | D:6      | XOM: snakes to sticks
  5255 | D:5      | XOM: give mutations
  5255 | D:5      | Gained mutation: You are somewhat resistant to further
                  | mutation. [Xom's grace]
  5255 | D:5      | Gained mutation: Your natural rate of healing is unusually
                  | fast. [Xom's grace]
  5408 | D:6      | XOM: god gift: sedimented green potion {god gift}
  5655 | D:7      | XOM: summons 4 friendly demons
  5721 | D:7      | XOM: give mutations
  5721 | D:7      | Gained mutation: You are partially covered in iridescent
                  | scales. (AC +2) [Xom's grace]
  5721 | D:7      | Gained mutation: You have a pair of small horns on your
                  | head. [Xom's grace]
  5721 | D:7      | Gained mutation: You have a pair of horns on your head.
                  | [Xom's grace]
  5739 | D:7      | Reached skill level 9 in Fighting
  5882 | D:7      | XOM: give mutations
  5882 | D:7      | Gained mutation: You are mostly covered in iridescent
                  | scales. (AC +4) [Xom's grace]
  5882 | D:7      | Gained mutation: Your spells are a little harder to cast,
                  | but a little more powerful. [Xom's grace]
  5882 | D:7      | Gained mutation: You have a somewhat thin skeletal
                  | structure. (Dex +2, Stealth+) [Xom's grace]
  5922 | D:7      | Found a transporter.
  5937 | D:7      | Noticed petzl's ghost (novice FoDe)
  5937 | D:7      | Noticed a moth of wrath
  5937 | D:7      | Found the macabre finger necklace {Finger+ rN+}
  6073 | D:7      | Found a transporter.
  6075 | D:7      | Found a bloodstained altar of Trog.
  6075 | D:7      | XOM: 6-stop teleportation journey
  6228 | D:7      | XOM: summons 3 hostile demons
  6545 | D:3      | XOM is BORED!
  6545 | D:3      | XOM: noise
  6608 | D:2      | Identified the +2 robe of Fun and Games {*Corrode rElec rF-
                  | Dex+10}
  6948 | D:2      | XOM: draining
  7321 | D:7      | XOM: give mutations
  7321 | D:7      | Gained mutation: Potions are less effective at restoring
                  | your health. [Xom's mischief]
  7321 | D:7      | Lost mutation: You passively map a small area around you.
                  | [Xom's mischief]
  7358 | D:8      | Found a flagged portal.
  7367 | Bailey   | Entered a bailey
  7461 | Bailey   | Noticed an orc knight
  7471 | Bailey   | XOM: noise
  7475 | Bailey   | Killed an orc knight
  7476 | Bailey   | Reached skill level 10 in Fighting
  7476 | Bailey   | Reached XP level 10. HP: 17/80 MP: 0/0
  7689 | Bailey   | Identified the +6 great sword of Parts Unknown {freeze,
                  | Drain rPois Int+5 Dex+4}
  7709 | Bailey   | XOM: chaos upgrade
  7709 | Bailey   | XOM: smoke on damage
  7717 | Bailey   | HP: 3/81 [orc warrior/the +6 great sword of Parts Unknown
                  | {freeze, Drain rPois Int+5 Dex+4} (5)]
  7828 | Bailey   | XOM: summons 6 hostile demons
  7829 | Bailey   | Noticed a sixfirhy
  8035 | Bailey   | XOM: enchant monster (bad)
  8073 | Bailey   | XOM: stat loss: -1 Str (10/11)
  8139 | D:8      | XOM: noise
  8144 | D:8      | XOM: confuse monster(s)
  8150 | D:8      | XOM: swap monsters
  8154 | D:8      | XOM: blink monster(s)
  8296 | D:8      | Noticed Psyche
  8301 | D:8      | Killed Psyche
  8355 | D:8      | Noticed Grum
  8375 | D:8      | Reached skill level 11 in Fighting
  8375 | D:8      | Killed Grum
  8376 | D:8      | XOM: enchant monster (good)
  8461 | D:8      | Noticed a gargoyle
  8528 | D:8      | XOM: summons friendly white imp
  8862 | D:8      | XOM is BORED!
  8862 | D:8      | XOM: noise
  9017 | D:9      | Noticed a two-headed ogre
  9119 | D:9      | Noticed a two-headed ogre
  9121 | D:8      | XOM: polymorph yak -> shapeshifter
  9254 | D:9      | XOM: butterfly on damage
  9265 | D:8      | HP: 3/83 [two-headed ogre/+0 giant spiked club (13)]
  9266 | D:8      | Killed a two-headed ogre
  9267 | D:8      | Reached XP level 11. HP: 2/89 MP: 0/0
  9267 | D:8      | Learned a level 4 spell: Animate Dead
  9429 | D:8      | XOM: give mutations
  9429 | D:8      | Gained mutation: Your mind is acute. (Int +4, Str/Dex -1)
                  | [Xom's grace]
  9429 | D:8      | Gained mutation: You are strong-willed. (Will+) [Xom's
                  | grace]
  9429 | D:8      | Gained mutation: You are completely covered in iridescent
                  | scales. (AC +6) [Xom's grace]
  9429 | D:8      | Gained mutation: Your flesh is almost immune to the effects
                  | of heat. (rF+++) [Xom's grace]
  9548 | D:9      | Reached skill level 12 in Fighting
  9559 | D:9      | XOM: destruction
  9564 | D:9      | Killed a two-headed ogre
  9626 | D:9      | Found the +18 Lear's hauberk
  9635 | D:9      | Found a staircase to the Orcish Mines.
  9906 | D:9      | Found Lucwoelo's Jewellery Emporium.
 10171 | D:7      | Found a staircase to the Ecumenical Temple.
 10176 | Temple   | Found a transporter.
 10176 | Temple   | Found a transporter.
 10176 | Temple   | Found a transporter.
 10176 | Temple   | Found a transporter.
 10176 | Temple   | Entered the Ecumenical Temple
 10192 | Temple   | Fell from the grace of Xom
 10192 | Temple   | Became a worshipper of Hepliaklqana the Forgotten
 10254 | D:10     | Entered Level 10 of the Dungeon
 10576 | D:10     | Noticed a two-headed ogre
 10607 | D:10     | Killed a two-headed ogre
 10611 | D:10     | Reached skill level 13 in Fighting
 10648 | D:10     | XOM: summons 6 hostile demons
 10873 | D:10     | Noticed an orange crystal statue
 10952 | D:10     | Found Uwun Pai's Firing Range.
 11112 | D:10     | Noticed a centaur warrior
 11112 | D:10     | Noticed a fire dragon
 11112 | D:10     | Noticed a cyclops
 11300 | D:9      | XOM: give mutations
 11300 | D:9      | Lost mutation: Your spells are a little harder to cast, but
                  | a little more powerful. [Xom's mischief]
 11300 | D:9      | Gained mutation: Armour fits poorly on your strangely
                  | shaped body. [Xom's mischief]
 11300 | D:9      | Lost mutation: You are completely covered in iridescent
                  | scales. (AC +6) [Xom's mischief]
 11684 | D:11     | Noticed a cyclops
 11758 | D:11     | Noticed a two-headed ogre
 11818 | D:10     | Noticed a flayed ghost
 11825 | D:10     | Killed a flayed ghost
 11826 | D:10     | Reached XP level 12. HP: 98/98 MP: 0/0
 11906 | D:10     | XOM: stat loss: -2 Int (19/21)
 12006 | D:10     | XOM: summons 1 hostile demon
 12033 | D:10     | Found Uwun Pai's Firing Range.
 12209 | D:10     | XOM: give mutations
 12209 | D:10     | Lost mutation: You have a pair of horns on your head.
                  | [Xom's mischief]
 12209 | D:10     | Lost mutation: You possess an exceptional clarity of mind.
                  | [Xom's mischief]
 12305 | D:10     | XOM: give mutations
 12305 | D:10     | Lost mutation: You are somewhat resistant to further
                  | mutation. [Xom's mischief]
 12305 | D:10     | Lost mutation: Your natural rate of healing is unusually
                  | fast. [Xom's mischief]
 12305 | D:10     | Gained mutation: You do not regenerate when monsters are
                  | visible. [Xom's mischief]
 12305 | D:10     | Lost mutation: Your mind is acute. (Int +4, Str/Dex -1)
                  | [Xom's mischief]
 12438 | D:10     | Killed a centaur warrior
 12439 | D:10     | Reached skill level 10 in Spellcasting
 12439 | D:10     | Reached skill level 10 in Conjurations
 12439 | D:10     | Reached skill level 10 in Hexes
 12439 | D:10     | Reached skill level 10 in Summonings
 12439 | D:10     | Reached skill level 10 in Necromancy
 12439 | D:10     | Reached skill level 10 in Translocations
 12439 | D:10     | Reached skill level 10 in Transmutations
 12439 | D:10     | Reached skill level 10 in Fire Magic
 12439 | D:10     | Reached skill level 10 in Ice Magic
 12439 | D:10     | Reached skill level 10 in Air Magic
 12439 | D:10     | Reached skill level 10 in Earth Magic
 12439 | D:10     | Reached skill level 10 in Poison Magic
 12808 | D:10     | a two-headed ogre changed into a slime creature
 12808 | D:10     | XOM: polymorph two-headed ogre -> slime creature
 13037 | D:11     | XOM: 2-stop teleportation journey
 13078 | D:11     | Found a staircase to the Lair.
 13149 | D:11     | Reached * piety under Hepliaklqana
 13765 | D:12     | XOM: 6-stop teleportation journey
 13911 | D:12     | Reached skill level 14 in Fighting
 14157 | D:12     | Reached ** piety under Hepliaklqana
 14162 | D:12     | Remembered your ancestor Cyneburga as a knight
 14703 | Lair:1   | Entered Level 1 of the Lair of Beasts
 14710 | Lair:1   | Noticed a death yak
 14714 | Lair:1   | Noticed a death yak
 14715 | Lair:1   | Noticed a death yak
 14721 | Lair:1   | Noticed a death yak
 14724 | Lair:1   | Noticed a death yak
 14748 | D:10     | Killed a death yak
 14814 | D:11     | Killed a death yak
 14839 | D:11     | Killed a death yak
 14883 | D:11     | XOM: draining
 15392 | D:11     | XOM: give mutations
 15392 | D:11     | Gained mutation: You occasionally lose the ability to drink
                  | potions when taking damage. [Xom's mischief]
 15392 | D:11     | Lost mutation: You occasionally lose the ability to drink
                  | potions when taking damage. [Xom's mischief]
 15392 | D:11     | Gained mutation: Your spells are a little harder to cast,
                  | but a little more powerful. [Xom's mischief]
 15392 | D:11     | Gained mutation: You are agile. (Dex +4, Str/Int -1) [Xom's
                  | mischief]
 15437 | D:11     | Killed a death yak
 15438 | D:11     | Killed a death yak
 15439 | D:11     | Reached skill level 5 in Dodging
 15439 | D:11     | Reached XP level 13. HP: 23/95 MP: 0/0
 15439 | D:11     | Learned a level 5 spell: Iskenderun's Battlesphere
 15731 | D:11     | XOM: noise
 15855 | D:11     | Slain by a death yak

Illustrated notes

Levels and vault maps discovered:
D:1:      dpeg_arrival_court, layout_basic, shapermc_ecumenical_altar_pompeii
D:2:      layout_basic, serial_park_tiny_1, kennysheep_boxes
D:3:      layout_loops_ring, grunt_temple_overflow_diamond
D:4:      layout_basic, uniq_natasha
D:5:      layout_cave_pods, portal_sewer_entry_d, corexii_corridor_pit,
          minmay_crystal_water, uniq_prince_ribbit1
D:6:      layout_rooms, nicolae_gozag_seed_capital, serial_shops, shop,
          st_stairs_5, minmay_joined_circles
D:7:      layout_loops_cross, mainiacjoe_overflow_surrounded_room,
          minmay_temple_entry_from_below_a, gammafunk_ghost_berserking_beasts
D:8:      layout_loops_ring, enter_bailey_6, uniq_psyche, uniq_grum
D:9:      layout_rooms, orc_0_dummy, serial_shops,
          nicolae_shop_pleasant_corner_grove, kennysheep_generic_room_4
D:10:     minmay_shrinking_squares, layout_basic, minivault_16,
          hangedman_decor_peaks_small, minmay_misc_feat_nine_boxes,
          nicolae_shop_firing_range
D:11:     layout_irregular_city, lair_entry_dummy
D:12:     layout_gridville
Temple:   hellmonk_temple_divided_pantheon
Lair:1:   layout_regular_city

Skill      XL: |  1  2  3  4  5  6  7  8  9 10 11 12 13 |
---------------+----------------------------------------+-----
Spellcasting   | 1 2 3 4 5 7 8 9 10 | 10.8
Conjurations   | 1 2 3 4 5 7 8 9 10 | 10.8
Hexes          | 1 2 3 4 5 7 8 9 10 | 10.8
Summonings     | 1 2 3 4 5 7 8 9 10 | 10.8
Necromancy     | 1 2 3 4 5 7 8 9 10 | 10.8
Translocations | 1 2 3 4 5 7 8 9 10 | 10.8
Transmutations | 1 2 3 4 5 7 8 9 10 | 10.8
Fire Magic     | 1 2 3 4 5 7 8 9 10 | 10.8
Ice Magic      | 1 2 3 4 5 7 8 9 10 | 10.8
Air Magic      | 1 2 3 4 5 7 8 9 10 | 10.8
Earth Magic    | 1 2 3 4 5 7 8 9 10 | 10.8
Poison Magic   | 1 2 3 4 5 7 8 9 10 | 10.8
Fighting       | 4 5 6 8 10 11 13 14 | 14.8
Dodging        | 5 6 |  6.0
Long Blades    | |  2.6
Armour         | |  1.0

Action                     |  1- 3 |  4- 6 |  7- 9 | 10-12 | 13-15 || total
---------------------------+-------+-------+-------+-------+-------++-------
  Melee: Falchion          |    92 |    43 |       |       |       ||   135
         Punch             |     2 |     1 |       |     1 |       ||     4
         Short sword       |       |       |    18 |    23 |       ||    41
         Headbutt          |       |       |     4 |     5 |       ||     9
   Cast: Scorch            |       |    53 |   219 |   352 |     2 ||   626
         Vampiric Draining |       |       |       |    22 |     2 ||    24
         Summon Small Mamm |       |       |       |    11 |       ||    11
         Animate Dead      |       |       |       |     8 |       ||     8
         Searing Ray       |       |       |       |     1 |    10 ||    11
         Iskenderun's Batt |       |       |       |       |     5 ||     5
 Invoke: Recall Ancestor   |       |       |       |     2 |     1 ||     3
         Ancestor Life: Kn |       |       |       |     1 |       ||     1
  Evoke: Wand              |       |       |       |     8 |       ||     8
    Use: Scroll            |       |       |    17 |    10 |       ||    27
         Potion            |       |       |       |     2 |       ||     2
   Stab: Distracted        |     1 |       |       |       |       ||     1
         Confused          |       |     2 |       |       |       ||     2
         Petrified         |       |     1 |       |       |       ||     1
         Sleeping          |       |       |     1 |       |       ||     1
 Armour: Leather armour    |    62 |    42 |    73 |   310 |    21 ||   508
  Dodge: Dodged            |    57 |    52 |    73 |   192 |    19 ||   393

Table legend: (Time is in decaauts)
 A = Elapsed time spent in this place.
 B = Non-inter-level travel time spent in this place.
 C = Inter-level travel time spent in this place.
 D = Time resting spent in this place.
 E = Time spent auto-exploring this place.
 F = Levels seen in this place.
 G = Mean time per level.
                   A        B        C        D        E       F      G
               +--------+--------+--------+--------+--------+-----+--------+
         Total |  15911 |  15023 |    888 |   2530 |   9107 |  16 |  994.4 |
       Dungeon |  14665 |  13794 |    871 |   2409 |   8581 |  12 | 1222.1 |
        Temple |     38 |     21 |     17 |      0 |      0 |   1 |   38.0 |
          Lair |    248 |    248 |      0 |      0 |    122 |   1 |  248.0 |
         Sewer |    191 |    191 |      0 |      0 |    162 |   1 |  191.0 |
        Bailey |    767 |    767 |      0 |    121 |    242 |   1 |  767.0 |
               +--------+--------+--------+--------+--------+-----+--------+

Top non-repeatable levels by time:
    D:10: 2495 daAuts
    D:11: 1599 daAuts
     D:8: 1427 daAuts
     D:3: 1391 daAuts
     D:5: 1205 daAuts
     D:7: 1064 daAuts
     D:9: 1026 daAuts
     D:4: 1019 daAuts
     D:1: 954 daAuts
     D:2: 881 daAuts
     D:6: 821 daAuts
    D:12: 779 daAuts
  Bailey: 767 daAuts
  Lair:1: 248 daAuts
   Sewer: 191 daAuts
